 Dungeon Crawl Stone Soup version 0.22.1-1-ga44c0e5 (webtiles) character file.

13748 tifemel the Fighter (level 11, -3/111 HPs)
             Began as a Minotaur Fighter on Sept 30, 2018.
             Was a High Priest of Okawaru.
             Slain by a merfolk
             ... wielding a +0 trident
              (14 damage)
             ... on level 10 of the Dungeon.
             The game lasted 00:32:28 (11652 turns).

tifemel the Fighter (Minotaur Fighter)             Turns: 11652, Time: 00:32:28

Health: -3/111     AC: 15    Str: 23    XL:     11   Next: 79%
Magic:  10/10      EV:  7    Int:  5    God:    Okawaru [*****.]
Gold:   745        SH:  0    Dex: 11    Spells: 10/10 levels left

rFire    . . .     SeeInvis +   C - +1 battleaxe (chop)
rCold    + . .     Gourm    .   (shield currently unavailable)
rNeg     . . .     Faith    .   h - +0 plate armour
rPois    .         Spirit   .   (helmet restricted)
rElec    .         Reflect  .   I - scarf {repulsion}
rCorr    .         Harm     .   p - +0 pair of gloves
MR       .....                  (no boots)
Stlth    ..........             l - amulet of rage
HPRegen  0.28/turn              x - ring of protection from cold
MPRegen  0.12/turn              B - ring of see invisible

@: repel missiles
A: retaliatory headbutt, horns 2
a: Heroism, Finesse, Renounce Religion, Evoke Berserk Rage


You were on level 10 of the Dungeon.
You worshipped Okawaru.
Okawaru was extremely pleased with you.
You were hungry.

You visited 1 branch of the dungeon, and saw 10 of its levels.

You collected 771 gold pieces.
You spent 26 gold pieces at shops.

Inventory:

Hand Weapons
 a - a +0 war axe
 w - a +0 shortbow
 C - a +1 battleaxe of chopping (weapon)
Missiles
 e - 170 arrows
Armour
 b - a +0 scale mail
 c - a +0 shield
 h - a +0 plate armour (worn)
 o - a cursed +0 chain mail
 p - a +0 pair of gloves (worn)
 I - a scarf of repulsion (worn)
Jewellery
 l - an amulet of rage (around neck)
 x - a ring of protection from cold (left hand)
 B - a ring of see invisible (right hand)
 J - an uncursed ring of protection from cold
Wands
 q - a wand of acid (10)
 y - a wand of paralysis (12)
 F - a wand of disintegration (21)
 G - a wand of polymorph (23)
 K - a wand of random effects (35)
 M - a wand of flame (5)
 N - a wand of iceblast (4)
Scrolls
 i - 3 scrolls of amnesia
 k - 5 scrolls of remove curse
 m - 9 scrolls of teleportation
 n - a scroll of fear {unknown}
 r - a scroll of magic mapping {unknown}
 s - 2 scrolls of random uselessness {unknown}
 v - 3 scrolls of enchant weapon {unknown}
 A - 3 scrolls of enchant armour {unknown}
 D - 2 scrolls of silence {unknown}
 O - a scroll of blinking {unknown}
Potions
 d - 2 potions of might
 g - a potion of lignification
 j - a potion of flight {unknown}
 t - 3 potions of agility
 u - a potion of curing
 z - a potion of ambrosia {unknown}
 E - 2 potions of haste
Miscellaneous
 H - a crystal ball of energy
 L - a lamp of fire
Comestibles
 f - 7 rations


   Skills:
 + Level 14.6 Fighting
 + Level 14.5 Axes
 + Level 9.5 Armour
 - Level 3.6 Shields


You had 10 spell levels left.
You didn't know any spells.
Your spell library contained the following spells:

 Spells                   Type           Power        Failure   Level  Hunger
 Corona                   Hex            #......      100%        1    ##.....
 Summon Small Mammal      Summ           #...         100%        1    ##.....
 Call Imp                 Summ           #.......     100%        2    ###....
 Ensorcelled Hibernation  Hex/Ice        #.....       100%        2    ###....
 Call Canine Familiar     Summ           #.......     100%        3    ####...
 Confuse                  Hex            #.......     100%        3    ####...
 Dazzling Spray           Conj/Hex       #.....       100%        3    ####...
 Summon Guardian Golem    Hex/Summ       #.......     100%        3    ####...
 Tukima's Dance           Hex            #.......     100%        3    ####...
 Summon Ice Beast         Ice/Summ       #.......     100%        4    #####..
 Summon Lightning Spire   Summ/Air       #.......     100%        4    #####..


Dungeon Overview and Level Annotations

Branches:
Dungeon (10/15)            Temple (0/1) D:7
   Lair: D:8-11         Orc: D:9-12

Altars:
Ashenzari
Cheibriados
Dithmenos
Elyvilon
Fedhas
Makhleb
Nemelex Xobeh
Okawaru
Ru
Sif Muna
Vehumet
Zin

Shops:
D:7 *   D:8 [=*(}   D:10 [

Annotations:
D:5 2 runed doors, Irenicus's ghost, novice DDHu


Innate Abilities, Weirdness & Mutations

You reflexively headbutt those who attack you in melee.
You have a pair of horns on your head.


Message History

Okawaru accepts your kill. The merfolk barely misses you.
The merfolk hits you with a trident.
* * * LOW HITPOINT WARNING * * *
Things that are here:
a yak corpse x2
You hit the merfolk. Your headbutt misses the merfolk.
The merfolk is lightly wounded.
The merfolk hits you with a trident.
* * * LOW HITPOINT WARNING * * *
You barely miss the merfolk.
The merfolk is lightly wounded.
You slash the merfolk!
The merfolk is moderately wounded.
The merfolk hits you with a trident.
* * * LOW HITPOINT WARNING * * *
You closely miss the merfolk.
The merfolk is moderately wounded.
The merfolk hits you with a trident!
You die...

#..........####.#......[..).#
#.........#..##..#....#.∩.#.#
#...........#...##..........#
.............#...........#...#
.................)............#
................................
...................#............
........m..##.............
.......#@###.............
.....#.#...........
....#†##.#...m..... #..
##.Y........ ..#. #Y.........
..... #%Y........ .... ..
#.......## ... ... ........# ...
... ........#


You could see a merfolk.

Vanquished Creatures
  Josephine (D:10)
  Harold (D:7)
  2 unseen horrors (D:10)
  Pikel (D:5)
  Joseph (D:7)
  Maurice (D:10)
  A gargoyle (D:10)
  3 trolls
  A hornet (D:7)
  A hippogriff (D:9)
  A wyvern (D:8)
  5 wraiths
  17 yaks
  A steam dragon (D:10)
  2 water moccasins
  3 orc warriors
  7 ice beasts
  2 sky beasts
  3 ogres
  3 phantoms
  2 necrophages
  5 centaurs
  3 big kobolds
  A bullfrog (D:10)
  A gnoll sergeant (D:8)
  A wyvern zombie (D:9)
  A water moccasin zombie (D:8)
  6 killer bees
  5 howler monkeys
  5 crimson imps
  2 bullfrog zombies
  A quasit (D:8)
  10 hounds
  11 orc wizards
  A bullfrog skeleton (D:10)
  5 orc priests
  3 jellies
  2 centaur skeletons
  Jessica (D:2)
  6 iguanas
  7 worker ants
  2 killer bee zombies
  A hound skeleton (D:7)
  4 gnolls
  9 adders
  4 shadow imps
  An adder skeleton (D:4)
  8 worms
  2 leopard geckos
  35 orcs
  2 ball pythons
  4 bats
  7 giant cockroaches
  8 goblins
  10 hobgoblins
  7 jackals
  21 kobolds
  5 frilled lizards
  2 quokka skeletons
  5 rats
273 creatures vanquished.

Vanquished Creatures (others)
  A spriggan (D:10)
  An adder (D:10)
  An orc (D:10)
  A bat (D:2)
  A kobold (D:10)
5 creatures vanquished.

Grand Total: 278 creatures vanquished

Notes
Turn   | Place    | Note
-------+----------+-------------------------------------------
     0 | D:1      | tifemel the Minotaur Fighter began the quest for the Orb.
     0 | D:1      | Reached XP level 1. HP: 19/19 MP: 0/0
   124 | D:1      | Reached XP level 2. HP: 24/27 MP: 1/1
   345 | D:1      | Reached XP level 3. HP: 34/34 MP: 2/2
   949 | D:2      | Found a radiant altar of Vehumet.
   949 | D:2      | Found a snail-covered altar of Cheibriados.
  1053 | D:2      | Reached skill level 5 in Fighting
  1053 | D:2      | Reached XP level 4. HP: 6/42 MP: 3/3
  1474 | D:2      | Found a shattered altar of Ashenzari.
  1535 | D:2      | Noticed Jessica
  1539 | D:2      | Killed Jessica
  1720 | D:2      | Found a deep blue altar of Sif Muna.
  1809 | D:3      | Reached XP level 5. HP: 35/48 MP: 4/4
  1959 | D:3      | Found a white marble altar of Elyvilon.
  2175 | D:3      | Reached skill level 5 in Axes
  2478 | D:4      | Reached XP level 6. HP: 53/58 MP: 5/5
  3459 | D:5      | Entered Level 5 of the Dungeon
  3463 | D:5      | Noticed an ice beast
  3464 | D:5      | Found a sacrificial altar of Ru.
  3475 | D:5      | Killed an ice beast
  3475 | D:5      | Reached XP level 7. HP: 11/66 MP: 6/6
  4262 | D:5      | Found a burning altar of Makhleb.
  4291 | D:5      | Reached XP level 8. HP: 71/75 MP: 7/7
  4309 | D:5      | Found a shadowy altar of Dithmenos.
  4371 | D:5      | Found a large runed door.
  4372 | D:5      | Found a large runed door.
  4388 | D:5      | Noticed Irenicus's ghost (novice DDHu)
  4489 | D:5      | Noticed Pikel
  4505 | D:5      | Killed Pikel
  4736 | D:5      | Reached skill level 10 in Fighting
  4873 | D:6      | Reached skill level 10 in Axes
  5376 | D:6      | Reached XP level 9. HP: 72/86 MP: 8/8
  5497 | D:6      | Found a snail-covered altar of Cheibriados.
  5715 | D:6      | Found a glowing silver altar of Zin.
  5846 | D:6      | Found a sparkling altar of Nemelex Xobeh.
  6211 | D:7      | Found Fobaruer's General Store.
  6304 | D:7      | Bought a scroll of identify for 26 gold pieces
  6347 | D:7      | Found an iron altar of Okawaru.
  6385 | D:7      | Became a worshipper of Warmaster Okawaru
  6404 | D:7      | Found a staircase to the Ecumenical Temple.
  6515 | D:7      | Found a blossoming altar of Fedhas.
  6873 | D:7      | Noticed Harold
  6874 | D:7      | Noticed Joseph
  6888 | D:7      | Killed Harold
  6888 | D:7      | Reached * piety under Okawaru
  6902 | D:7      | Killed Joseph
  6902 | D:7      | Reached XP level 10. HP: 32/99 MP: 9/9
  7194 | D:7      | Found a sparkling altar of Nemelex Xobeh.
  7350 | D:8      | Found Wodda's Armour Boutique.
  7384 | D:8      | Found Emohiaff's Jewellery Shop.
  7515 | D:8      | Found Enu Cuqa's Gadget Shop.
  7579 | D:8      | Found Ziopt's Assorted Antiques.
  7790 | D:8      | Found Mestoipsi's Weapon Shop.
  7924 | D:8      | Reached ** piety under Okawaru
  8043 | D:8      | Reached skill level 5 in Armour
  8660 | D:9      | Reached *** piety under Okawaru
  9194 | D:9      | Found an iron altar of Okawaru.
  9204 | D:9      | Reached XP level 11. HP: 102/107 MP: 10/10
  9225 | D:9      | Reached **** piety under Okawaru
  9745 | D:10     | Entered Level 10 of the Dungeon
  9859 | D:10     | Found Uschuureohacw's Antique Armour Shoppe.
  9877 | D:10     | Noticed Josephine
  9892 | D:10     | Killed Josephine
 10575 | D:10     | Reached ***** piety under Okawaru
 10756 | D:10     | HP: 5/110 [troll (4)]
 10756 | D:10     | HP: 2/110 [troll (2)]
 11354 | D:10     | Noticed Maurice
 11357 | D:10     | Noticed an unseen horror
 11362 | D:10     | Killed an unseen horror
 11366 | D:10     | Killed Maurice
 11434 | D:10     | Noticed an unseen horror
 11440 | D:10     | Killed an unseen horror
 11440 | D:10     | Received a gift from Okawaru
 11652 | D:10     | Slain by a merfolk

Skill      XL: |  1  2  3  4  5  6  7  8  9 10 11 |
---------------+----------------------------------+-----
Fighting       | 4 5 6 7 8 10 12 13 14 | 14.6
Axes           | 3 4 5 6 8 10 12 13 14 | 14.5
Armour         | 7 9 |  9.5
Shields        | |  3.6

Action                   |  1- 3 |  4- 6 |  7- 9 | 10-12 || total
-------------------------+-------+-------+-------+-------++-------
Melee: War axe           |    66 |    96 |   194 |       ||   356
       Headbutt          |    11 |    12 |    52 |    67 ||   142
       Battleaxe         |       |       |    40 |   362 ||   402
Invok: Heroism           |       |       |       |     1 ||     1
  Use: Scroll            |       |       |     4 |     2 ||     6
       Potion            |       |       |     2 |     4 ||     6
  Eat: Chunk             |       |     5 |    10 |     9 ||    24
       Ration            |       |     1 |       |     2 ||     3
Armor: Scale mail        |    25 |       |       |       ||    25
       Plate armour      |     7 |    59 |   120 |   229 ||   415
       Skin              |       |       |       |     4 ||     4
Dodge: Dodged            |    30 |    35 |    73 |   134 ||   272
       Deflected         |       |       |       |     6 ||     6
Block: Shield            |     1 |       |       |       ||     1
